 Dungeon Crawl Stone Soup version 0.22-a0-185-ge330310 (webtiles) character file.

18 Amnesiac the Digger (level 2, -3/19 HPs)
             Began as a Mummy Earth Elementalist on Feb 15, 2018.
             Slain by a gnoll
             ... wielding a +0 spear
              (5 damage)
             ... on level 4 of the Dungeon.
             The game lasted 00:01:30 (385 turns).

Amnesiac the Digger (Mummy Earth Elementalist)       Turns: 385, Time: 00:01:31

Health: -3/19      AC:  2    Str: 11    XL:     2   Next: 48%
Magic:  3/6        EV: 12    Int: 14    God:
Gold:   5          SH:  0    Dex: 12    Spells: 4/7 levels left

rFire    x . .     SeeInvis .   (no weapon)
rCold    + . .     Gourm    .   (no shield)
rNeg     + + +     Faith    .   c - +0 robe
rPois    ∞         Spirit   .   (no helmet)
rElec    .         Reflect  .   (no cloak)
rCorr    .         Harm     .   (no gloves)
MR       .....                  (no boots)
Stlth    ++........             (no amulet)
HPRegen  0.06/turn              (no ring)
MPRegen  0.10/turn              (no ring)

@: no status effects
A: no food or potions, fire vulnerability, cold resistance 1, negative energy
resistance 3, torment resistance, unbreathing
a: no special abilities


You were on level 4 of the Dungeon.
You were not hungry.

You visited 1 branch of the dungeon, and saw 4 of its levels.

You collected 5 gold pieces.

Inventory:

Missiles
 b - 22 stones (quivered)
Armour
 c - a +0 robe (worn)
Scrolls
 a - 3 scrolls of identify {!r, unknown}
 e - a scroll of fear {!r, unknown}
Books
 d - a book of Geomancy

   Spells                             Type                      Level
   a - Sandblast                      Earth                        1
   b - Passwall                       Transmutation/Earth          2
   c - Stone Arrow                    Conjuration/Earth            3
   d - Petrify                        Transmutation/Earth          4
   e - Lee's Rapid Deconstruction     Earth                        5


   Skills:
 - Level 1.5 Dodging
 + Level 1.7 Stealth
 + Level 3.0 Spellcasting
 - Level 0.7 Transmutations
 * Level 3.0 Earth Magic


You had 4 spell levels left.
You knew the following spells:

 Your Spells              Type           Power        Failure   Level  Hunger
a - Sandblast             Erth           ##....       6%          1    N/A
b - Passwall              Tmut/Erth      #.........   16%         2    N/A

Dungeon Overview and Level Annotations

Branches:
Dungeon (4/15)
 Temple: D:4-7

Altars:

Annotations:
D:3 Sigmund


Innate Abilities, Weirdness & Mutations

You do not eat or drink.
Your flesh is vulnerable to fire.
You are immune to poison.
Your flesh is cold resistant. (rC+)
You are immune to negative energy. (rN+++)
You are immune to unholy pain and torment.
You can survive without breathing.


Message History

There is a stone staircase leading up here.
There is an escape hatch in the floor here.
Found a stone staircase leading up.
A frilled lizard comes into view.
Autopickup is now on.
Found a stone staircase leading down.
The helpless frilled lizard fails to defend itself.
You hit the frilled lizard.
You kill the frilled lizard!
There is a stone staircase leading up here.
You climb upwards.
Level annotation: Sigmund
There is a stone staircase leading down here.
You climb downwards.
There is a stone staircase leading up here.
You open the door.
There is an open door here. 2 gnolls come into view.
The gnoll shouts! x2; You hear a shout!
There are monsters nearby!
Casting: Passwall (safe; 16% risk of failure)
Confirm with . or Enter, or press ? or * to list all spells.
Aiming: Sandblast (safe; 6% risk of failure)
Press: ? - help, Shift-Dir - straight line, f - gnoll
Aim: a gnoll, wielding a spear The blast of sand hits the gnoll.
The gnoll is lightly wounded.
b - 25 stones Unknown command.
Casting: Sandblast (safe; 6% risk of failure)
Confirm with . or Enter, or press ? or * to list all spells.
Aiming: Sandblast (safe; 6% risk of failure)
Press: ? - help, Shift-Dir - straight line, f/p - gnoll
Aim: a gnoll, wielding a spear (lightly wounded)
The blast of sand hits the gnoll.
The gnoll is heavily wounded.
b - 24 stones The gnoll hits you from afar with a spear.
Unknown command.
Casting: Sandblast (safe; 6% risk of failure)
Confirm with . or Enter, or press ? or * to list all spells.
Aiming: Sandblast (safe; 6% risk of failure)
Press: ? - help, Shift-Dir - straight line, f/p - gnoll
Aim: a gnoll, wielding a spear (heavily wounded)
The blast of sand hits the gnoll.
The gnoll is severely wounded.
b - 23 stones The gnoll hits you from afar with a spear!
* * * LOW HITPOINT WARNING * * *
Unknown command.
Unknown command.
Casting: Sandblast (safe; 6% risk of failure)
Confirm with . or Enter, or press ? or * to list all spells.
Aiming: Sandblast (safe; 6% risk of failure)
Press: ? - help, Shift-Dir - straight line, f/p - gnoll
Aim: a gnoll, wielding a spear (severely wounded)
The blast of sand misses the gnoll.
The blast of sand hits the gnoll.
The gnoll is moderately wounded.
b - 22 stones The gnoll hits you from afar with a spear.
* * * LOW HITPOINT WARNING * * *
Unknown command.
The gnoll hits you from afar with a spear.
You die...

#.####.....### #.#
#......... #.#
#......###
#.###..<...#
#.#........#
#.#....###.#
#......'.#.#
#########....#.#.###
#..@.gg.............
#.############.#.#..
#.# #.#.# #.# #.#g#
#.# #.#.. #.# #.#..
#.# #.#g.. #.#
#.#.#. #.#


You could see 2 gnolls.

Vanquished Creatures
  An adder (D:3)
  An ooze (D:1)
  A goblin (D:1)
  2 frilled lizards
  2 rats (D:1)
7 creatures vanquished.

Notes
Turn   | Place    | Note
-------+----------+-------------------------------------------
     0 | D:1      | Amnesiac the Mummy Earth Elementalist began the quest for the Orb.
     0 | D:1      | Reached XP level 1. HP: 13/13 MP: 4/4
   128 | D:1      | Reached XP level 2. HP: 17/19 MP: 5/5
   142 | D:1      | Learned a level 2 spell: Passwall
   242 | D:3      | Noticed Sigmund
   385 | D:4      | Slain by a gnoll

Vault maps used:
D:1:      tarquinn_simple_flora_water_e
D:2:      first_ration, chequers_ecumenical_altar_grove, st_stairs_11,
          lemuel_statue_altar
D:3:      uniq_sigmund
D:4:      uniq_purgy, uniq_pikel

Skill      XL: |  1  2 |
---------------+-------+-----
Spellcasting   | 3 |  3.0
Earth Magic    | 3 |  3.0
Dodging        | |  1.5
Stealth        | |  1.7
Transmutations | |  0.7

Action                   || total
-------------------------++-------
Melee: Unarmed           ||    17
 Cast: Sandblast         ||     8
       Passwall          ||     2
 Stab: Sleeping          ||     2
Dodge: Dodged            ||     8

Table legend:
 A = Spawn XP
 B = Non-spawn XP
 C = Spawn XP percentage of total XP
 D = Spawn monster count
 E = Non-spawn monster count
 F = Spawn count percentage of total count
 G = Total turns spent on level
                    A         B        C        D         E        F      G
               +---------+---------+-------+---------+---------+-------+---------
         Total |       0 |      26 |   0.0 |       0 |       7 |   0.0 |   385
               +---------+---------+-------+---------+---------+-------+---------
           D:1 |       0 |      12 |   0.0 |       0 |       5 |   0.0 |   143
           D:3 |       0 |      13 |   0.0 |       0 |       1 |   0.0 |   139
           D:4 |       0 |       1 |   0.0 |       0 |       1 |   0.0 |    85
               +---------+---------+-------+---------+---------+-------+---------
